Map: 트라이튼 - 래더

Players

lllllllllll (sOs) - Winner!

  • Race: Protoss Protoss
  • League: Grandmaster
  • Spawn Location: 11:00

JinairRogue (Rogue)

  • Race: Zerg Zerg
  • Spawn Location: 5:00

VOD

Have the link to the VOD?

Description

Time

  • Played on: Jan. 9, 2020, 5:15 a.m.
  • Length: 5:58
Show
View Real Time Build Order
Export as new Build Order

lllllllllll Protoss - Winner!

Build Orders: 1 Gate Expand, Oracle Opening 

Get SALT Encoding   

  12  0:00  Probe  
  13  0:12  Probe  
  14  0:20  Pylon  
  14  0:25  Probe  
  15  0:29  Assimilator  
  15  0:38  Probe (Chrono Boost)  
  16  0:42  Gateway  
  17  0:50  Probe (Chrono Boost)  
  17  0:55  Probe (Chrono Boost)  
  18  1:04  Probe  
  19  1:16  Probe  
  20  1:24  Nexus  
  20  1:34  Cybernetics Core  
  20  1:36  Probe  
  21  1:44  Assimilator  
  21  1:49  Probe  
  21  1:53  Pylon  
  22  2:01  Probe  
  23  2:09  Adept (Chrono Boost)  
  23  2:13  Probe  
  26  2:17  Stargate  
  26  2:25  Warp Gate, Probe (Chrono Boost)  
  27  2:32  Adept  
  29  2:38  Probe (Chrono Boost)  
  29  2:43  Probe (Chrono Boost)  
  31  2:46  Probe (Chrono Boost)  
  31  2:50  Probe (Chrono Boost)  
  33  2:52  Probe  
  33  2:57  Oracle (Chrono Boost)  
  34  3:01  Probe  
  38  3:06  Probe  
  38  3:10  Stalker  
  41  3:13  Probe  
  41  3:16  Pylon  
  42  3:21  Probe  
  42  3:25  Probe  
  44  3:31  Gateway, Oracle (Chrono Boost)  
  47  3:40  Probe x2  
  49  3:43  Assimilator  
  49  3:55  Twilight Council  
  49  3:57  Gateway  
  49  4:02  Probe x2  
  51  4:08  Gateway  
  51  4:13  Adept  
  51  4:14  Probe  
  51  4:15  Pylon  
  54  4:24  Resonating Glaives (Chrono Boost)  
  54  4:27  Nexus  
  54  4:29  Pylon  
  54  4:33  Probe  
  54  4:38  Adept x2  
  59  4:40  Probe  
  60  4:56  Assimilator, Robotics Facility  
  60  4:59  Adept  
  62  5:00  Adept x2  
  62  5:03  Adept  
  62  5:05  Probe x2  
  62  5:06  Pylon  
  70  5:24  Adept x2  
  70  5:25  Adept x2  
  70  5:27  Pylon  
  78  5:39  Probe x2  
  78  5:42  Probe  
  81  5:47  Adept x4  
Show
View Real Time Build Order
Export as new Build Order

JinairRogue Zerg 

Build Orders: Hatch First 

Get SALT Encoding   

  12  0:00  Drone  
  13  0:12  Overlord  
  13  0:17  Drone  
  14  0:30  Drone x2  
  16  0:47  Hatchery  
  15  0:50  Drone  
  15  0:54  Drone  
  17  0:57  Drone  
  18  1:07  Extractor  
  17  1:12  Spawning Pool  
  17  1:15  Drone  
  17  1:18  Drone  
  18  1:28  Drone  
  19  1:38  Drone  
  20  1:48  Hatchery  
  20  1:50  Drone  
  20  1:59  Queen  
  22  2:02  Drone  
  22  2:06  Drone  
  24  2:15  Queen  
  26  2:20  Overlord  
  26  2:23  Drone  
  26  2:26  Drone  
  28  2:38  Metabolic Boost  
  28  2:39  Zergling x4  
  28  2:41  Drone  
  28  2:43  Drone x2  
  33  2:48  Queen  
  35  2:54  Drone  
  36  3:00  Queen  
  38  3:06  Overlord  
  38  3:07  Drone x2  
  38  3:09  Drone  
  38  3:11  Drone  
  42  3:24  Spore Crawler, Drone  
  42  3:25  Zergling x4  
  42  3:26  Queen  
  46  3:29  Spore Crawler, Drone  
  46  3:30  Drone  
  46  3:32  Drone  
  48  3:37  Drone x2  
  49  3:45  Drone x2  
  49  3:46  Drone  
  48  3:50  Drone  
  48  3:59  Drone x3  
  50  4:03  Overlord x2  
  50  4:14  Overlord  
  50  4:16  Spore Crawler  
  50  4:17  Drone  
  50  4:22  Drone x9  
  59  4:29  Zergling x6  
  61  4:34  Drone x2  
  61  4:36  Drone  
  61  4:37  Lair  
  64  4:41  Extractor  
  64  4:42  Drone x2  
  64  4:43  Drone  
  64  4:45  Drone  
  67  4:48  Drone x2  
  69  4:53  Drone x3  
  69  4:57  Extractor  
  69  4:58  Extractor  
  69  4:59  Roach Warren  
  69  5:01  Drone x3  
  69  5:03  Drone  
  69  5:07  Overlord  
  73  5:11  Extractor x2  
  73  5:14  Drone x2  
  73  5:15  Overlord  
  73  5:25  Evolution Chamber  
  73  5:26  Evolution Chamber  
  71  5:35  Evolution Chamber  
Tags
 
Add a new tag
Caveats
  • Supply blocks, unpowered buildings, or Contaminate may cause inaccurate times.
  • Supply counts are checked every 10 seconds.